 Dungeon Crawl Stone Soup version 0.18-a0-1799-g6250cb2 (webtiles) character file.

2624 graki42 the Covert (level 9, -33/55 HPs)
             Began as a Halfling Enchanter on Apr 23, 2016.
             Was a Priest of Dithmenos.
             Killed from afar by simok's ghost (37 damage)
             ... with a bolt of negative energy
             ... on level 8 of the Dungeon on Apr 24, 2016.
             The game lasted 00:40:35 (8423 turns).

graki42 the Covert (Halfling Enchanter)             Turns: 8423, Time: 00:40:35

Health: -33/55     AC:  9    Str: 13    XL:     9   Next: 91%
Magic:  0/14       EV: 20    Int: 14    God:    Dithmenos [***...]
Gold:   508        SH:  0    Dex: 18    Spells: 3 memorised, 9 levels left

rFire  . . .     SeeInvis .     a - +2 dagger
rCold  . . .     Gourm    .     b - +1 robe
rNeg   . . .     Faith    .     (shield restricted)
rPois  .         Spirit   +     (no helmet)
rElec  .         Dismiss  .     (no cloak)
rCorr  .         Reflect  .     A - +0 pair of gloves
SustAt .         Harm     .     o - +0 pair of boots (curse)
MR     .....                    p - amulet of guardian spirit
Stlth  ++++++....               x - +4 ring of protection
                                i - +5 ring of strength

@: wreathed by umbra, drained, not resistant to hostile enchantments, very
stealthy
A: mutation resistance 1
a: Shadow Step, Renounce Religion


You were on level 8 of the Dungeon.
You worshipped Dithmenos.
Dithmenos was most pleased with you.
You were hungry.

You visited 1 branch of the dungeon, and saw 8 of its levels.
You also visited: Sewer.

You collected 508 gold pieces.

Inventory:

Hand Weapons
 a - a +2 dagger (weapon)
Missiles
 m - 7 poisoned needles
 r - 7 needles of sleeping
 y - 5 poisoned tomahawks (quivered)
Armour
 b - a +1 robe (worn)
 o - a cursed +0 pair of boots (worn)
 A - a +0 pair of gloves (worn)
Jewellery
 i - a +5 ring of strength (left hand)
 p - an amulet of guardian spirit (around neck)
 s - an uncursed ring of flight
 x - a +4 ring of protection (right hand)
Wands
 g - a wand of enslavement (9/24)
Scrolls
 e - a scroll of enchant weapon
 j - a scroll of teleportation
 l - a scroll of fear
 n - 2 scrolls of identify
 t - a scroll of blinking
 B - a scroll of fog
Potions
 f - 2 potions of agility
 h - a potion of haste
 k - a potion of invisibility
 q - 2 potions of cure mutation
 v - 5 potions of curing
 w - 3 potions of brilliance
Books
 c - a book of Maledictions

   Spells                             Type                      Level
   a - Corona                         Hexes                        1
   b - Ensorcelled Hibernation        Hexes/Ice                    2
   c - Confuse                        Hexes                        3
   d - Tukima's Dance                 Hexes                        3
   e - Dazzling Spray                 Conjuration/Hexes            3
 C - a book of Enchantments

   Spells                             Type                      Level
   a - Cause Fear                     Hexes                        4
   b - Yara's Violent Unravelling     Hexes/Transmutation          5
   c - Silence                        Hexes/Air                    5
   d - Deflect Missiles               Charms/Air                   6
   e - Haste                          Charms                       6
   f - Discord                        Hexes                        8
 F - a book of Death

   Spells                             Type                      Level
   a - Corpse Rot                     Necromancy                   2
   b - Sublimation of Blood           Necromancy                   2
   c - Agony                          Necromancy                   5
   d - Dispel Undead                  Necromancy                   5
   e - Excruciating Wounds            Charms/Necromancy            5
   f - Bolt of Draining               Conjuration/Necromancy       5
Comestibles
 d - 4 bread rations
 u - a meat ration
 z - a slice of pizza
 D - a fruit
 E - 2 chunks of flesh


   Skills:
 + Level 2.4(1.7) Fighting
 + Level 4.6(3.9) Short Blades
 + Level 7.9(7.2) Dodging
 + Level 8.3(7.6) Stealth
 + Level 3.8(3.1) Spellcasting
 + Level 1.2(0.6) Conjurations
 + Level 4.9(4.2) Hexes
 + Level 2.1(1.4) Ice Magic
 + Level 0.2(0.0) Invocations


You had 9 spell levels left.
You knew the following spells:

 Your Spells              Type           Power        Failure   Level  Hunger
a - Corona                Hex            ##.....      3%          1    #......
b - Ensorcelled Hibernat  Hex/Ice        ##....       12%         2    ##.....
c - Dazzling Spray        Conj/Hex       #.......     24%         3    ###....


Dungeon Overview and Level Annotations

Branches:
Dungeon (8/15)             Temple (0/1) D:7
   Lair: D:8-11

Altars:
Ashenzari
Cheibriados
Dithmenos
Elyvilon
Okawaru
Qazlal
Ru
Sif Muna
Vehumet
Xom
Zin
The Shining One

Annotations:
D:8 simok's ghost, journeyman DrFE


Innate Abilities, Weirdness & Mutations

You are small and have problems with some larger weapons.
You are somewhat resistant to further mutation.


Message History

Simok's ghost is lightly damaged.
Simok's ghost casts a spell at you.
The fireball explodes!
The fireball engulfs you!
* * * LOW HITPOINT WARNING * * *
The fireball engulfs simok's ghost.
Simok's ghost resists.
You closely miss simok's ghost.
Simok's ghost is lightly damaged.
Simok's ghost hits you.
* * * LOW HITPOINT WARNING * * *
x2 You hit simok's ghost but do no damage.
Simok's ghost is lightly damaged.
You barely miss simok's ghost.
Simok's ghost is lightly damaged.
Simok's ghost hits you but does no damage.
You barely miss simok's ghost.
Simok's ghost is lightly damaged.
Simok's ghost breathes negative energy at you.
The bolt of negative energy hits you!
You feel drained.
Ouch! That really hurt!
You die...

#####.....###
##...........##
..............# .
..%...........####..
...............#...
#................#
#.....W.......#
#?...@......#
##.........##
###.....#..###
######.....###
#.####...### ..#
###...#### #..#
###....# ... ##....
.# #...... ##..#


You could see simok's ghost.

Vanquished Creatures
  Menkaure (D:6)
  An orc warrior (D:8)
  An ice beast (D:5)
  A sky beast (D:5)
  A necrophage (D:5)
  2 phantoms (D:5)
  A centaur (D:7)
  2 ogres
  6 giant frogs
  3 scorpions
  A howler monkey (D:4)
  2 crimson imps (D:6)
  A centaur zombie (D:6)
  7 hounds
  2 jellies
  An orc priest (D:4)
  A centaur skeleton (D:5)
  2 giant frog skeletons
  8 worker ants
  6 orc wizards
  9 adders
  A shadow imp (D:5)
  13 oozes
  An adder skeleton (D:5)
  3 worms
  2 dart slugs
  14 giant geckos
  20 orcs
  11 ball pythons
  19 giant cockroaches
  6 goblins
  14 hobgoblins
  6 jackals
  4 quokkas
  6 bats
  A giant gecko skeleton (D:5)
  12 giant newts
  11 kobolds
  7 rats
210 creatures vanquished.

Notes
Turn   | Place    | Note
--------------------------------------------------------------
     0 | D:1      | graki42 the Halfling Enchanter began the quest for the Orb.
     0 | D:1      | Reached XP level 1. HP: 11/11 MP: 3/3
   112 | D:1      | Reached XP level 2. HP: 14/17 MP: 4/4
   368 | D:1      | Reached XP level 3. HP: 21/21 MP: 5/5
   444 | D:1      | Learned a level 2 spell: Ensorcelled Hibernation
   839 | D:2      | Reached skill level 4 in Stealth
   839 | D:2      | Reached XP level 4. HP: 16/27 MP: 3/7
  1131 | D:2      | Found a shimmering altar of Xom.
  1714 | D:3      | Reached XP level 5. HP: 26/32 MP: 8/8
  1939 | D:3      | Noticed a phantom
  2321 | D:3      | Learned a level 3 spell: Dazzling Spray
  2569 | D:4      | Reached skill level 5 in Stealth
  2595 | D:4      | Reached XP level 6. HP: 14/37 MP: 9/9
  2772 | D:4      | Noticed an ogre
  2783 | D:4      | Killed an ogre
  2856 | D:4      | Reached skill level 6 in Stealth
  2856 | D:4      | Reached XP level 7. HP: 24/42 MP: 4/10
  3036 | D:5      | Entered Level 5 of the Dungeon
  3368 | D:4      | Found a shadowy altar of Dithmenos.
  3369 | D:4      | Found a stormy altar of Qazlal.
  3370 | D:4      | Found an iron altar of Okawaru.
  3384 | D:4      | Became a worshipper of Dithmenos the Shadowed
  3542 | D:4      | Found a radiant altar of Vehumet.
  3851 | D:5      | HP: 2/42 [hound (2)]
  3868 | D:5      | Reached skill level 1 in Fighting
  3868 | D:5      | Reached skill level 5 in Dodging
  4093 | D:5      | HP: 2/43 [poisoned by a scorpion]
  4533 | D:5      | Reached XP level 8. HP: 48/48 MP: 9/12
  4621 | D:6      | Found a snail-covered altar of Cheibriados.
  4707 | D:6      | Found a glowing drain.
  4714 | Sewer    | Entered a sewer
  4792 | Sewer    | Reached * piety under Dithmenos
  5156 | Sewer    | Reached ** piety under Dithmenos
  5445 | D:5      | Reached skill level 1 in Ice Magic
  5751 | D:5      | Reached XP level 9. HP: 54/54 MP: 1/13
  5803 | D:5      | Reached skill level 7 in Stealth
  5803 | D:5      | Reached skill level 1 in Conjurations
  5977 | D:5      | Found a white marble altar of Elyvilon.
  5979 | D:5      | Found a shattered altar of Ashenzari.
  5979 | D:5      | Found a deep blue altar of Sif Muna.
  5980 | D:5      | Found a sacrificial altar of Ru.
  5982 | D:5      | Found a glowing silver altar of Zin.
  6235 | D:6      | Noticed Menkaure
  6264 | D:6      | Killed Menkaure
  6672 | D:6      | Reached *** piety under Dithmenos
  7244 | D:7      | Reached skill level 8 in Stealth
  7315 | D:7      | Found a staircase to the Ecumenical Temple.
  7577 | D:7      | Found a glowing golden altar of the Shining One.
  8396 | D:8      | Noticed simok's ghost (journeyman DrFE)
  8423 | D:8      | Killed from afar by simok's ghost

Vault maps used:
D:1:      minmay_arrival_solitary_statue
D:2:      xom_teletrap_fun, dk_noncrumbling_2
D:4:      marbit_many_paths, minitemple
D:5:      grunt_temple_overflow_open, first_bread, minmay_joined_circles
D:6:      basic_altar, gup_sewer_entry_bowl, uniq_menkaure
D:7:      lemuel_coloured_pillars_altar, minmay_temple_entry_overgrown
Sewer:    sewer_frog_island_02

Skill      XL: |  1  2  3  4  5  6  7  8  9 |
---------------+----------------------------+-----
Stealth        | 4 5 6 8 |  8.3
Spellcasting   | 2 3 |  3.8
Short Blades   | 2 3 4 |  4.6
Dodging        | 3 4 5 6 7 |  7.9
Hexes          | 3 4 |  4.9
Fighting       | 1 2 |  2.4
Ice Magic      | 1 2 |  2.1
Conjurations   | 1 |  1.2
Invocations    | |  0.2

Action                   |  1- 3 |  4- 6 |  7- 9 || total
-------------------------+-------+-------+-------++-------
Melee: Dagger            |   101 |   173 |   659 ||   933
 Cast: Corona            |     7 |     4 |    39 ||    50
       Ensorcelled Hiber |       |     7 |    49 ||    56
       Dazzling Spray    |       |     3 |    27 ||    30
Invok: Shadow Step       |       |       |     2 ||     2
  Use: Potion            |       |     2 |     7 ||     9
       Scroll            |       |     1 |    16 ||    17
 Stab: Sleeping          |    11 |    17 |    36 ||    64
       Distracted        |       |     1 |     5 ||     6
       Invisible         |       |     1 |    12 ||    13
  Eat: Chunk             |       |     7 |    19 ||    26
       Meat ration       |       |       |     1 ||     1
       Fruit             |       |       |     4 ||     4
Armor: Robe              |    16 |    32 |   118 ||   166
Dodge: Dodged            |    74 |   122 |   647 ||   843
